 Dungeon Crawl Stone Soup version 0.22.1-2-g9c5b331383 (webtiles) character file.

2561 H0rd4k the Covered (level 9, 0/66 HPs)
             Began as a Human Artificer on Jan 7, 2019.
             Slain by a steam dragon (8 damage)
             ... on level 9 of the Dungeon.
             The game lasted 00:21:37 (7324 turns).

H0rd4k the Covered (Human Artificer)                Turns: 7324, Time: 00:21:38

Health: 0/66       AC: 11    Str: 14    XL:     9   Next: 87%
Magic:  12/12      EV:  8    Int: 13    God:
Gold:   361        SH:  5    Dex: 20    Spells: 9/10 levels left

rFire    x . .     SeeInvis .   z - +0 long sword
rCold    . . .     Gourm    .   (no shield)
rNeg     + . .     Faith    .   D - +0 chain mail of Narcissism {rF- Dex+6}
rPois    +         Spirit   .   (no helmet)
rElec    .         Reflect  +   F - scarf {cloud immunity}
rCorr    .         Harm     .   (no gloves)
MR       .....                  v - +0 pair of boots
Stlth    ..........             n - +5 amulet of reflection
HPRegen  0.21/turn              H - ring of positive energy
MPRegen  0.13/turn              q - ring of poison resistance

@: about to teleport
A: no striking features
a: no special abilities


You were on level 9 of the Dungeon.
You were not hungry.

You visited 1 branch of the dungeon, and saw 9 of its levels.

You collected 361 gold pieces.

Inventory:

Hand Weapons
 z - a +0 long sword (weapon)
 B - a +0 hunting sling of velocity
Missiles
 g - 39 bolts
 j - 264 arrows
 E - 109 sling bullets
 G - 15 poisoned needles
 L - 23 tomahawks (quivered)
 O - 2 curare-tipped needles
Armour
 b - a +0 leather armour
 v - a +0 pair of boots (worn)
 D - the +0 chain mail of Narcissism (worn) {rF- Dex+6}
   (You found it on level 4 of the Dungeon)

   It affects your dexterity (+6).
   It makes you vulnerable to fire.
 F - a scarf of cloud immunity (worn)
 Z - the +1 ring mail of the Sneaky Mice {rC++}
   (You found it on level 9 of the Dungeon)

   It greatly protects you from cold.
Jewellery
 n - a +5 amulet of reflection (around neck)
 q - a ring of poison resistance (right hand)
 y - a +1 ring of protection
 H - a ring of positive energy (left hand)
Wands
 d - a wand of enslavement (15)
 e - a wand of random effects (35)
 N - a wand of polymorph (20)
 P - a wand of digging (15)
 T - a wand of flame (40)
 U - a wand of acid (8)
Scrolls
 h - 11 scrolls of identify
 i - 4 scrolls of remove curse
 k - 3 scrolls of immolation
 m - 7 scrolls of teleportation
 r - 2 scrolls of blinking {unknown}
 s - a scroll of noise {unknown}
 t - a scroll of enchant armour {unknown}
 C - 3 scrolls of amnesia {unknown}
 M - a scroll of enchant weapon {unknown}
 R - a scroll of magic mapping {unknown}
 W - a scroll of vulnerability {unknown}
Potions
 a - a potion of flight {unknown}
 l - 3 potions of degeneration
 o - 3 potions of heal wounds {unknown}
 p - 5 potions of mutation {unknown}
 w - 3 potions of brilliance {unknown}
 x - a potion of magic {unknown}
 A - a potion of haste {unknown}
 I - 3 potions of curing
 J - a potion of cancellation {unknown}
 K - 3 potions of invisibility {unknown}
 X - a potion of ambrosia {unknown}
Comestibles
 c - 3 chunks of flesh
 f - 12 rations


   Skills:
 + Level 4.6 Fighting
   Level 4.0(5.2) Short Blades
 + Level 5.1(5.8) Long Blades
   Level 0.4 Axes
 * Level 4.6 Slings
 + Level 5.5 Armour
 - Level 3.2 Dodging
 + Level 3.0 Stealth
 * Level 1.1 Spellcasting
 * Level 1.2 Hexes
 + Level 4.9 Evocations


You had 9 spell levels left.
You knew the following spells:

 Your Spells              Type           Power        Failure   Level  Hunger
a - Corona                Hex            #......      98%         1    ##.....

Your spell library contained the following spells:

 Spells                   Type           Power        Failure   Level  Hunger
 Ensorcelled Hibernation  Hex/Ice        #.....       100%        2    ###....
 Confuse                  Hex            #.......     100%        3    ####...
 Dazzling Spray           Conj/Hex       #.....       100%        3    ####...
 Tukima's Dance           Hex            #.......     100%        3    ####...


Dungeon Overview and Level Annotations

Branches:
Dungeon (9/15)             Temple (0/1) D:5
   Lair: D:8-11         Orc: D:9-12

Altars:
Cheibriados
Dithmenos
Gozag
Hepliaklqana
Nemelex Xobeh
Qazlal
Ru
Wu Jian
Zin

Shops:
D:4 :   D:9 *(

Annotations:
D:4 exclusions: 2 downstairs and upstairs
D:7 1 runed door, Elizilla's ghost, novice TrFi
D:8 exclusion: upstairs


Message History

You block the bullfrog zombie's attack. The steam dragon bites you.
The steam dragon claws you but does no damage.
You barely miss the steam dragon.
The steam dragon is heavily wounded.
The bullfrog zombie is engulfed in a cloud of scalding steam.
The bullfrog zombie hits you. The steam dragon closely misses you.
You block the steam dragon's attack.
You closely miss the steam dragon.
The steam dragon is heavily wounded.
The bullfrog zombie is engulfed in a cloud of scalding steam.
The bullfrog zombie barely misses you. The steam dragon breathes steam at you.
The ball of steam hits you! The steam scalds you terribly!
* * * LOW HITPOINT WARNING * * *
The bullfrog zombie is engulfed in a cloud of scalding steam.
You block the bullfrog zombie's attack.
As you read the scroll labeled ZUJATO QIRPHOJE, it crumbles to dust.
You feel strangely unstable.
It was a scroll of teleportation.
The bullfrog zombie closely misses you. The steam dragon bites you!
You die...

##### ####
#...############ #...
#......##...##.. #...
#......##...##..
####...####....#........
.....§...§§.............
(.....D@§§.§............
((.....Z.§§.............
#.......<.........<.....
##......................
#......................
#................†.....
#......................
#......................
.............


You could see a steam dragon and a bullfrog zombie.

Vanquished Creatures
  Joseph (D:7)
  2 hungry ghosts
  A water moccasin (D:9)
  2 ice beasts
  A sky beast (D:4)
  An ogre (D:9)
  4 centaurs
  A crocodile (D:9)
  4 bullfrogs
  A water moccasin skeleton (D:6)
  5 wights (D:7)
  A crimson imp (D:6)
  A centaur zombie (D:9)
  4 jellies
  A hound (D:5)
  An orc wizard (D:8)
  2 bullfrog skeletons
  An orc priest (D:9)
  Ijyb (D:5)
  An iguana (D:7)
  A worker ant (D:9)
  2 worker ant zombies (D:5)
  4 gnolls (D:2)
  5 adders
  A howler monkey skeleton (D:7)
  2 shadow imps
  An ooze (D:1)
  2 adder skeletons (D:5)
  3 worms
  A dart slug (D:1)
  A leopard gecko (D:7)
  13 orcs
  4 bats
  5 giant cockroaches
  6 goblins (D:1)
  3 hobgoblins
  4 kobolds (D:1)
  2 quokkas (D:4)
  A ball python (D:2)
  2 frilled lizards (D:1)
  12 rats
111 creatures vanquished.

Notes
Turn   | Place    | Note
-------+----------+-------------------------------------------
     0 | D:1      | H0rd4k the Human Artificer began the quest for the Orb.
     0 | D:1      | Reached XP level 1. HP: 15/15 MP: 3/3
   259 | D:1      | Reached XP level 2. HP: 21/21 MP: 4/4
   480 | D:1      | Reached XP level 3. HP: 9/26 MP: 5/5
  1647 | D:2      | Found a stormy altar of Qazlal.
  1860 | D:2      | Reached XP level 4. HP: 32/32 MP: 6/6
  1866 | D:2      | Reached skill level 1 in Armour
  2345 | D:3      | Reached XP level 5. HP: 21/37 MP: 7/7
  2642 | D:4      | Found Zuoqil's Book Emporium.
  2695 | D:4      | Got a blackened chain mail
  3056 | D:4      | Found a glowing silver altar of Zin.
  3194 | D:5      | Entered Level 5 of the Dungeon
  3329 | D:5      | Noticed an ice beast
  3329 | D:5      | Noticed a sky beast
  3365 | D:4      | Killed a sky beast
  3365 | D:4      | Reached XP level 6. HP: 18/44 MP: 7/9
  3746 | D:6      | Identified the cursed +0 chain mail of Narcissism {rF-
                  | Dex+6} (You found it on level 4 of the Dungeon)
  3795 | D:6      | Reached XP level 7. HP: 31/50 MP: 10/10
  3943 | D:6      | Found a snail-covered altar of Cheibriados.
  4320 | D:6      | Reached skill level 1 in Long Blades
  4502 | D:6      | Found a hazy altar of Hepliaklqana.
  4837 | D:5      | Reached XP level 8. HP: 57/57 MP: 11/11
  4875 | D:5      | Noticed Ijyb
  4896 | D:5      | Killed Ijyb
  4932 | D:5      | Found a staircase to the Ecumenical Temple.
  5355 | D:7      | Found a sacrificial altar of Ru.
  5392 | D:7      | Noticed Elizilla's ghost (novice TrFi)
  5600 | D:7      | Found a runed door.
  5802 | D:7      | Found an ornate altar of the Wu Jian Council.
  5998 | D:7      | Noticed Joseph
  6002 | D:7      | Killed Joseph
  6002 | D:7      | Reached XP level 9. HP: 45/64 MP: 12/12
  6141 | D:8      | Reached skill level 5 in Armour
  6195 | D:8      | Reached skill level 1 in Slings
  6238 | D:8      | Reached skill level 5 in Long Blades
  6250 | D:8      | Found an opulent altar of Gozag.
  6852 | D:9      | Found Wuijogg's Weapon Shop.
  6875 | D:9      | Learned a level 1 spell: Corona
  6947 | D:9      | Found a shadowy altar of Dithmenos.
  6950 | D:9      | Got a bloodstained ring mail
  7007 | D:9      | Identified the cursed +1 ring mail of the Sneaky Mice
                  | {rC++} (You found it on level 9 of the Dungeon)
  7054 | D:9      | Reached skill level 1 in Hexes
  7127 | D:9      | Found a sparkling altar of Nemelex Xobeh.
  7216 | D:9      | Reached skill level 1 in Spellcasting
  7245 | D:9      | Found Paeqacha's Assorted Antiques.
  7324 | D:9      | Slain by a steam dragon

Skill      XL: |  1  2  3  4  5  6  7  8  9 |
---------------+----------------------------+-----
Armour         | 1 2 3 4 5 |  5.5
Short Blades   | 2 3 4 |  4.0
Stealth        | 2 3 |  3.0
Evocations     | 4 |  4.9
Fighting       | 2 3 4 |  4.6
Long Blades    | 1 4 5 |  5.1
Dodging        | 3 |  3.2
Slings         | 4 |  4.6
Hexes          | 1 |  1.2
Spellcasting   | 1 |  1.1
Axes           | |  0.4

Action                   |  1- 3 |  4- 6 |  7- 9 || total
-------------------------+-------+-------+-------++-------
Melee: Short sword       |    90 |   110 |       ||   200
       Hand axe          |       |    10 |       ||    10
       Long sword        |       |       |   200 ||   200
       Hunting sling     |       |       |     3 ||     3
 Fire: Hunting sling     |       |       |   123 ||   123
Evoke: Wand              |     6 |    21 |    21 ||    48
  Use: Scroll            |       |       |     5 ||     5
 Stab: Sleeping          |     2 |     2 |       ||     4
       Paralysed         |       |     1 |       ||     1
  Eat: Ration            |     1 |       |     4 ||     5
       Chunk             |       |     5 |     4 ||     9
Armor: Leather armour    |    22 |    23 |       ||    45
       Chain mail        |       |     4 |   105 ||   109
       Skin              |       |       |     7 ||     7
Dodge: Dodged            |    44 |    81 |    83 ||   208
Block: Other             |       |     3 |    58 ||    61
       Reflection        |       |       |     3 ||     3
       Rpst.: Long sword |       |       |    14 ||    14
